 Dungeon Crawl Stone Soup version 0.19.3-4-gbf9329e (webtiles) character file.

53 angel3174 the Slasher (level 3, -3/27 HPs)
             Began as a Demonspawn Gladiator on Jan 29, 2017.
             Slain by an orc
             ... wielding a +0 mace
              (4 damage)
             ... on level 3 of the Dungeon.
             The game lasted 00:08:31 (2288 turns).

angel3174 the Slasher (Demonspawn Gladiator)        Turns: 2288, Time: 00:08:32

Health: -3/27      AC: 13    Str: 16    XL:     3   Next: 64%
Magic:  3/3        EV: 10    Int:  9    God:
Gold:   136        SH:  0    Dex: 13    Spells: 0 memorised, 2 levels left

rFire  . . .     SeeInvis .     p - +1 dagger (curse)
rCold  . . .     Gourm    .     k - +0 scale mail
rNeg   . . .     Faith    .     (no shield)
rPois  .         Spirit   .     c - +0 helmet
rElec  .         Reflect  .     (no cloak)
rCorr  .         Harm     .     (no gloves)
MR     .....                    (no boots)
Stlth  ..........               (no amulet)
                                (no ring)
                                (no ring)

@: about to teleport, sanguine armour
A: sanguine armour 1
a: no special abilities


You were on level 3 of the Dungeon.
You were not hungry.

You visited 1 branch of the dungeon, and saw 3 of its levels.

You collected 136 gold pieces.

Inventory:

Hand Weapons
 a - a +0 long sword
 p - a cursed +1 dagger (weapon)
Missiles
 d - 3 throwing nets (quivered)
Armour
 c - a +0 helmet (worn)
 k - a +0 scale mail (worn)
Jewellery
 e - an uncursed ring of fire {unknown}
Wands
 q - a wand of confusion (21/48)
Scrolls
 m - a scroll of random uselessness {unknown}
 n - a scroll of remove curse {unknown}
 t - a scroll of enchant armour {unknown}
Potions
 h - 2 potions of might {unknown}
 i - a potion of lignification {unknown}
 l - a potion of mutation {unknown}
 s - a potion of curing {unknown}
Comestibles
 f - a bread ration
 o - 3 fruits
 r - 3 meat rations


   Skills:
 + Level 2.2 Fighting
 + Level 0.3(2.2) Short Blades
 + Level 3.6 Long Blades
 + Level 1.7 Throwing
 + Level 0.8 Armour
 + Level 3.0 Dodging


You had 2 spell levels left.
You didn't know any spells.

Dungeon Overview and Level Annotations

Branches:
Dungeon (3/15)

Altars:


Innate Abilities, Weirdness & Mutations

When seriously injured, your bleeding wounds create armour. (AC +6)


Message History

You barely miss the orc.
The orc priest miscasts a cantrip.
The hobgoblin hits you.
* * * LOW HITPOINT WARNING * * *
The orc hits you with a mace.
* * * LOW HITPOINT WARNING * * *
As you read the scroll labeled ALEANG PYINK, it crumbles to dust.
It is a scroll of enchant weapon.
Your cursed +0 dagger glows red for a moment.
The orc closely misses you. The hobgoblin closely misses you.
As you read the scroll labeled OVAS NISMAA, it crumbles to dust.
You feel aware of your surroundings.
It was a scroll of magic mapping.
The orc hits you with a mace.
* * * LOW HITPOINT WARNING * * *
The orc barely misses you.
The hobgoblin hits you but does no damage.
As you read the scroll labeled REKKI ALUYN, it crumbles to dust.
You feel strangely unstable.
It was a scroll of teleportation.
The orc hits you but does no damage. The orc hits you with a mace.
You die...

#......#
##.#.#.#
#......#
##.#.#.#
#......#
##.#.#.#
#....o.#
##.#.#o#
#)..go@#
##.#.#g#
#.!...o#
##w#.#.#
###...#
#####


You could see a worm (confused), an orc priest, 3 orcs, a hobgoblin and a
goblin.

Vanquished Creatures
  An ooze (D:1)
  2 worms (D:2)
  A dart slug (D:2)
  A leopard gecko (D:2)
  An orc (D:3)
  2 ball pythons
  3 giant cockroaches
  4 goblins (D:1)
  7 hobgoblins (D:1)
  6 kobolds (D:1)
  3 bats
  3 frilled lizards
  5 rats
39 creatures vanquished.

Notes
Turn   | Place    | Note
-------+----------+-------------------------------------------
     0 | D:1      | angel3174 the Demonspawn Gladiator began the quest for the Orb.
     0 | D:1      | Reached XP level 1. HP: 16/16 MP: 1/1
   440 | D:1      | Gained mutation: When seriously injured, your bleeding wounds create armour. (AC +6) [demonic ancestry]
   440 | D:1      | Reached XP level 2. HP: 18/22 MP: 2/2
  1173 | D:1      | Reached XP level 3. HP: 26/27 MP: 3/3
  1703 | D:2      | HP: 1/27 [worm (3)]
  1715 | D:2      | HP: 1/27 [frilled lizard (1)]
  2287 | D:3      | HP: 1/27 [orc/mace (1)]
  2288 | D:3      | Slain by an orc

Skill      XL: |  1  2  3 |
---------------+----------+-----
Long Blades    | 3 |  3.6
Dodging        | 3 |  3.0
Fighting       | |  2.2
Short Blades   | |  0.3
Throwing       | |  1.7
Armour         | |  0.8

Action                   || total
-------------------------++-------
Melee: Long sword        ||    86
       Dagger            ||   114
Evoke: Wand              ||     1
  Use: Scroll            ||     3
       Potion            ||     1
  Eat: Chunk             ||     3
       Beef jerky        ||     1
Armor: Leather armour    ||    35
       Scale mail        ||    47
Dodge: Dodged            ||   133
       Rpst.: Long sword ||    17
